Connexion

WINNIPEG Jets vs EDMONTON Oilers

Created - 17 septembre 2023 at 04:13

Goals
1 2 3 T
WINNIPEG Jets 2 0 2 4
EDMONTON Oilers 0 1 0 1
Shots
1 2 3 T
WINNIPEG Jets 13 16 9 38
EDMONTON Oilers 8 5 3 16

GoalsPenalties
1st period
1. WINNIPEG Jets , Andreas Athanasiou 7 (Olli Juolevi 4, Neal Pionk 9) at 0:57
2. WINNIPEG Jets , Dmitrij Jaskin 5 (Noah Cates 3, Olli Juolevi 5) at 11:34
Oliver Ekman-Larsson (EDM) for High sticking (Minor) at 13:41
2nd period
3. EDMONTON Oilers , Ryan O'Reilly 10 (Nikolaj Ehlers 13, Dylan Strome 5) at 0:23
Nico Hischier (EDM) for Hooking (Minor) at 0:50
Mitch Marner (EDM) for Interference (Minor) at 4:52
Mike Smith (EDM) for Slashing (Minor) at 14:00 - Arthur Kaliyev served the penalty.
3rd period
4. WINNIPEG Jets , Noah Cates 7 (Dmitrij Jaskin 14, Neal Pionk 10) at 11:21
5. WINNIPEG Jets , Rasmus Kupari 3 (Anton Lindholm 7) at 18:42
Nikolaj Ehlers (EDM) for Tripping (Minor) at 19:11
Goalie Stats
Ukko-Pekka Luukkonen (WPG), 15 saves from 16 shots - (0,938), W, 6-4-1, 60:00 minutes
Mike Smith (EDM), 34 saves from 38 shots - (0,895), L, 1-1-0, 60:00 minutes
3 StarsOfficial
1 - Neal Pionk (WPG)
2 - Dmitrij Jaskin (WPG)
3 - Noah Cates (WPG)
Referees : Kelly Sutherland and Chris Rooney
Linesman : Michel Cormier and Pierre Racicot
Game Note
No Game Note
Finance
Level 1 -- Attendance: 6000 (100,00%) -- Ticket Income 720 000 $
Level 2 -- Attendance: 3839 (100,00%) -- Ticket Income 391 578 $
Level 3 -- Attendance: 1786 (89,30%) -- Ticket Income 91 086 $
Level 4 -- Attendance: 3191 (79,78%) -- Ticket Income 127 640 $
Luxury Box -- Attendance: 973 (97,30%) -- Ticket Income 233 520 $
Game was played at the Rexall Place.
Total Attendance: 15789 (93,76%)
Total Ticket Income: 1 563 824 $
Other Income: 312 765 $
Total Income: 1 876 589 $



Team Name Goals Shots Shots Attemp Shots Blocked PIM HIT PP PK FO%
WINNIPEG Jets 43874120190 / 5 (0%)057%
EDMONTON Oilers 11649710220 / 0 (0,00%043%

WINNIPEG Jets
Player Name POS G A P +/- PIM HIT SHT SB MP PP MP PP SHT PK MP PK SHT FO% FOT
Alexei ToropchenkoRW000000008:520:0000:0000% 0
Andreas AthanasiouC/LW/RW1012014017:283:1500:0000% 0
Anthony BeauvillierC/LW0000000010:270:0000:0000% 0
Anton LindholmD0111012016:150:0000:0000% 0
Colton ParaykoD0001050116:150:0000:0000% 0
Damon SeversonD000-1003022:544:4030:0000% 0
Dawson MercerC0001006020:593:1500:00050% 24
Dmitrij JaskinLW/RW1121027120:593:1510:000100% 1
Dominic KubalikLW0000033114:215:2920:0000% 1
Eeli TolvanenLW/RW0002003014:130:0000:0000% 0
Jake EvansC/RW000001008:520:0000:00025% 8
Jeff Petry D000-1023122:544:4020:0000% 0
Kasperi KapanenLW/RW0000002115:565:2900:0000% 0
Neal PionkD0223011420:514:0410:0000% 0
Noah CatesLW1121021017:440:0000:00050% 2
Olli JuoleviD0223000220:514:0400:0000% 0
Rasmus KupariC1012002014:130:0000:00073% 15
Vincent TrocheckC0000011115:565:2910:00067% 18
EDMONTON Oilers
Player Name POS G A P +/- PIM HIT SHT SB MP PP MP PP SHT PK MP PK SHT FO% FOT
Alexander RomanovD000-2050018:160:0004:1000% 0
Anthony CirelliC0000011012:030:0000:03033% 12
Arthur KaliyevRW0000013012:000:0000:00050% 2
Casey CizikasC000-100006:100:0000:00083% 6
Clayton KellerC/LW/RW000-2001120:080:0003:2800% 1
Dylan StromeC0110010017:420:0001:1600% 0
Jack QuinnRW0000011012:000:0000:000100% 2
Jonas SiegenthalerD000-1020219:560:0001:2100% 0
Mackenzie EntwistleRW000-101006:100:0000:0000% 1
Mitch MarnerRW000-2220016:390:0000:0000% 1
Nico HischierC000-2240018:320:0001:53047% 17
Nikolaj EhlersLW0110205021:330:0005:08025% 4
Oliver Ekman-LarssonD000-1231221:230:0002:4900% 0
Rasmus SandinD000-2001014:060:0000:0000% 0
Roman Josi D0000000023:090:0004:3400% 0
Ryan O'ReillyC/LW1010002022:060:0005:40039% 23
Tony DeAngeloD0000011223:090:0004:3400% 0
Yegor SharangovichC/LW000-100006:100:0000:0000% 0



Play-by-Play

1st period


0:01 of 1st period - Dawson Mercer wins face-off versus Ryan O'Reilly in neutral zone.
0:15 of 1st period - Shot by Ryan O'Reilly.
0:15 of 1st period - Shot Misses the Net.
0:21 of 1st period - Shot by Dmitrij Jaskin.
0:21 of 1st period - Shot Misses the Net.
0:23 of 1st period - Shot by Jeff Petry .
0:23 of 1st period - Stopped by Mike Smith without a rebound.
0:24 of 1st period - Rasmus Kupari wins face-off versus Nico Hischier in EDMONTON Oilers zone.
0:42 of 1st period - Andreas Athanasiou is hit by Jonas Siegenthaler and loses puck.
0:57 of 1st period - Shot by Andreas Athanasiou.
0:57 of 1st period - Goal by Andreas Athanasiou - WINNIPEG Jets : 1 - EDMONTON Oilers : 0.
0:58 of 1st period - Anthony Cirelli wins face-off versus Vincent Trocheck in neutral zone.
2:12 of 1st period - Shot by Dawson Mercer.
2:12 of 1st period - Stopped by Mike Smith without a rebound.
2:13 of 1st period - Jake Evans wins face-off versus Casey Cizikas in EDMONTON Oilers zone.
2:38 of 1st period - Shot by Alexei Toropchenko.
2:38 of 1st period - Shot Misses the Net.
3:47 of 1st period - Shot by Dmitrij Jaskin.
3:47 of 1st period - Stopped by Mike Smith with a rebound.
3:49 of 1st period - Shot by Dawson Mercer.
3:49 of 1st period - Deflect By Dmitrij Jaskin.
3:49 of 1st period - Shot Misses the Net.
4:11 of 1st period - Rasmus Kupari is hit by Mitch Marner.
5:22 of 1st period - Shot by Nikolaj Ehlers.
5:22 of 1st period - Deflect By Ryan O'Reilly.
5:22 of 1st period - Shot Misses the Net.
5:25 of 1st period - Icing by Neal Pionk.
5:26 of 1st period - Arthur Kaliyev wins face-off versus Vincent Trocheck in WINNIPEG Jets zone.
5:29 of 1st period - Shot by Anthony Cirelli.
5:29 of 1st period - Shot Blocked by Vincent Trocheck.
5:31 of 1st period - Shot by Anthony Cirelli.
5:31 of 1st period - Stopped by Ukko-Pekka Luukkonen with a rebound.
5:33 of 1st period - Shot by Jack Quinn.
5:33 of 1st period - Deflect By Anthony Cirelli.
5:33 of 1st period - Shot Blocked by Neal Pionk.
5:35 of 1st period - Shot by Rasmus Sandin.
5:35 of 1st period - Shot Misses the Net.
7:07 of 1st period - Shot by Oliver Ekman-Larsson.
7:07 of 1st period - Shot Blocked by Colton Parayko.
7:09 of 1st period - Shot by Jonas Siegenthaler.
7:09 of 1st period - Shot Misses the Net.
7:53 of 1st period - Icing by Mackenzie Entwistle.
7:54 of 1st period - Casey Cizikas wins face-off versus Jake Evans in EDMONTON Oilers zone.
7:54 of 1st period - Casey Cizikas is hit by Dominic Kubalik.
8:17 of 1st period - Damon Severson is hit by Mackenzie Entwistle and loses puck.
9:32 of 1st period - Shot by Ryan O'Reilly.
9:32 of 1st period - Shot Blocked by Olli Juolevi.
9:34 of 1st period - Shot by Dylan Strome.
9:34 of 1st period - Shot Blocked by Neal Pionk.
10:08 of 1st period - Shot by Oliver Ekman-Larsson.
10:08 of 1st period - Stopped by Ukko-Pekka Luukkonen without a rebound.
10:09 of 1st period - Jack Quinn wins face-off versus Rasmus Kupari in WINNIPEG Jets zone.
10:09 of 1st period - Jack Quinn is hit by Colton Parayko.
10:11 of 1st period - Shot by Rasmus Sandin.
10:11 of 1st period - Stopped by Ukko-Pekka Luukkonen without a rebound.
10:12 of 1st period - Anthony Cirelli wins face-off versus Rasmus Kupari in WINNIPEG Jets zone.
10:25 of 1st period - Icing by Roman Josi .
10:26 of 1st period - Vincent Trocheck wins face-off versus Anthony Cirelli in EDMONTON Oilers zone.
10:37 of 1st period - Shot by Vincent Trocheck.
10:37 of 1st period - Shot Misses the Net.
10:39 of 1st period - Shot by Anton Lindholm.
10:39 of 1st period - Stopped by Mike Smith with a rebound.
10:41 of 1st period - Shot by Anton Lindholm.
10:41 of 1st period - Stopped by Mike Smith without a rebound.
10:42 of 1st period - Rasmus Kupari wins face-off versus Ryan O'Reilly in EDMONTON Oilers zone.
10:42 of 1st period - Rasmus Kupari is hit by Oliver Ekman-Larsson.
10:46 of 1st period - Shot by Andreas Athanasiou.
10:46 of 1st period - Shot Misses the Net.
10:55 of 1st period - Ryan O'Reilly is hit by Jeff Petry and loses puck.
11:12 of 1st period - Shot by Eeli Tolvanen.
11:12 of 1st period - Stopped by Mike Smith without a rebound.
11:13 of 1st period - Dmitrij Jaskin wins face-off versus Nico Hischier in EDMONTON Oilers zone.
11:14 of 1st period - Shot by Noah Cates.
11:14 of 1st period - Deflect By Dmitrij Jaskin.
11:14 of 1st period - Shot Misses the Net.
11:30 of 1st period - Shot by Noah Cates.
11:30 of 1st period - Shot Blocked by Clayton Keller.
11:32 of 1st period - Shot by Noah Cates.
11:32 of 1st period - Shot Misses the Net.
11:34 of 1st period - Shot by Dmitrij Jaskin.
11:34 of 1st period - Goal by Dmitrij Jaskin - WINNIPEG Jets : 2 - EDMONTON Oilers : 0.
11:35 of 1st period - Anthony Cirelli wins face-off versus Vincent Trocheck in neutral zone.
12:11 of 1st period - Icing by Damon Severson.
12:12 of 1st period - Nico Hischier wins face-off versus Vincent Trocheck in WINNIPEG Jets zone.
12:13 of 1st period - Shot by Clayton Keller.
12:13 of 1st period - Stopped by Ukko-Pekka Luukkonen without a rebound.
12:14 of 1st period - Dawson Mercer wins face-off versus Mitch Marner in WINNIPEG Jets zone.
12:14 of 1st period - Noah Cates is hit by Mitch Marner and loses puck.
12:36 of 1st period - Shot by Dawson Mercer.
12:36 of 1st period - Stopped by Mike Smith without a rebound.
12:37 of 1st period - Rasmus Kupari wins face-off versus Nikolaj Ehlers in EDMONTON Oilers zone.
12:37 of 1st period - Andreas Athanasiou is hit by Tony DeAngelo.
13:26 of 1st period - Icing by Damon Severson.
13:27 of 1st period - Rasmus Kupari wins face-off versus Nico Hischier in WINNIPEG Jets zone.
13:29 of 1st period - Jeff Petry is hit by Nico Hischier.
13:32 of 1st period - Icing by Jonas Siegenthaler.
13:33 of 1st period - Dawson Mercer wins face-off versus Nico Hischier in EDMONTON Oilers zone.
13:41 of 1st period - Minor Penalty to Oliver Ekman-Larsson for High sticking.
13:42 of 1st period - Vincent Trocheck wins face-off versus Ryan O'Reilly in EDMONTON Oilers zone.
13:44 of 1st period - Dominic Kubalik is hit by Alexander Romanov and loses puck.
14:57 of 1st period - Shot by Damon Severson.
14:57 of 1st period - Stopped by Mike Smith without a rebound.
14:58 of 1st period - Dawson Mercer wins face-off versus Ryan O'Reilly in EDMONTON Oilers zone.
15:01 of 1st period - Shot by Andreas Athanasiou.
15:01 of 1st period - Shot Misses the Net.
15:22 of 1st period - Dmitrij Jaskin is hit by Alexander Romanov.
15:30 of 1st period - Shot by Andreas Athanasiou.
15:30 of 1st period - Shot Blocked by Jonas Siegenthaler.
15:40 of 1st period - Shot by Neal Pionk.
15:40 of 1st period - Stopped by Mike Smith without a rebound.
15:41 of 1st period - Nico Hischier wins face-off versus Jake Evans in EDMONTON Oilers zone.
16:32 of 1st period - Nico Hischier is hit by Jake Evans and loses puck.
16:42 of 1st period - Icing by Colton Parayko.
16:43 of 1st period - Jack Quinn wins face-off versus Jake Evans in WINNIPEG Jets zone.
17:05 of 1st period - Dominic Kubalik is hit by Jack Quinn.
17:12 of 1st period - Icing by Oliver Ekman-Larsson.
17:13 of 1st period - Dawson Mercer wins face-off versus Anthony Cirelli in EDMONTON Oilers zone.
17:32 of 1st period - Shot by Arthur Kaliyev.
17:32 of 1st period - Stopped by Ukko-Pekka Luukkonen without a rebound.
17:33 of 1st period - Rasmus Kupari wins face-off versus Nikolaj Ehlers in WINNIPEG Jets zone.
17:33 of 1st period - Rasmus Kupari is hit by Dylan Strome.
17:42 of 1st period - Shot by Nikolaj Ehlers.
17:42 of 1st period - Shot Misses the Net.
17:44 of 1st period - Shot by Nikolaj Ehlers.
17:44 of 1st period - Stopped by Ukko-Pekka Luukkonen without a rebound.
17:45 of 1st period - Dawson Mercer wins face-off versus Nico Hischier in WINNIPEG Jets zone.
17:45 of 1st period - Dawson Mercer is hit by Nico Hischier.
18:09 of 1st period - Shot by Dmitrij Jaskin.
18:09 of 1st period - Shot Misses the Net.
18:38 of 1st period - Icing by Tony DeAngelo.
18:39 of 1st period - Rasmus Kupari wins face-off versus Clayton Keller in EDMONTON Oilers zone.
18:52 of 1st period - Shot by Andreas Athanasiou.
18:52 of 1st period - Stopped by Mike Smith without a rebound.
18:53 of 1st period - Vincent Trocheck wins face-off versus Nikolaj Ehlers in EDMONTON Oilers zone.
18:53 of 1st period - Kasperi Kapanen is hit by Oliver Ekman-Larsson and loses puck.
18:58 of 1st period - Shot by Anthony Beauvillier.
18:58 of 1st period - Shot Misses the Net.
19:06 of 1st period - Shot by Kasperi Kapanen.
19:06 of 1st period - Stopped by Mike Smith without a rebound.
19:07 of 1st period - Rasmus Kupari wins face-off versus Anthony Cirelli in EDMONTON Oilers zone.
19:07 of 1st period - Rasmus Kupari is hit by Alexander Romanov.
19:25 of 1st period - Shot by Jack Quinn.
19:25 of 1st period - Stopped by Ukko-Pekka Luukkonen without a rebound.
19:26 of 1st period - Ryan O'Reilly wins face-off versus Noah Cates in WINNIPEG Jets zone.
19:27 of 1st period - Shot by Nikolaj Ehlers.
19:27 of 1st period - Stopped by Ukko-Pekka Luukkonen without a rebound.
19:28 of 1st period - Ryan O'Reilly wins face-off versus Dawson Mercer in WINNIPEG Jets zone.
19:29 of 1st period - Shot by Dylan Strome.
19:29 of 1st period - Shot Misses the Net.
19:42 of 1st period - Icing by Jonas Siegenthaler.
19:43 of 1st period - Rasmus Kupari wins face-off versus Ryan O'Reilly in EDMONTON Oilers zone.
19:58 of 1st period - Shot by Nikolaj Ehlers.
19:58 of 1st period - Shot Hit the Post.
Goals for this period are 2 for WINNIPEG Jets vs 0 for EDMONTON Oilers .
Shots for this period are 13 for WINNIPEG Jets vs 8 for EDMONTON Oilers .

2nd period


0:01 of 2nd period - Dawson Mercer wins face-off versus Ryan O'Reilly in neutral zone.
0:05 of 2nd period - Icing by Jonas Siegenthaler.
0:06 of 2nd period - Dawson Mercer wins face-off versus Ryan O'Reilly in EDMONTON Oilers zone.
0:07 of 2nd period - Shot by Dmitrij Jaskin.
0:07 of 2nd period - Stopped by Mike Smith without a rebound.
0:08 of 2nd period - Ryan O'Reilly wins face-off versus Dawson Mercer in EDMONTON Oilers zone.
0:08 of 2nd period - Oliver Ekman-Larsson is hit by Dmitrij Jaskin and loses puck.
0:21 of 2nd period - Shot by Dylan Strome.
0:21 of 2nd period - Shot Misses the Net.
0:23 of 2nd period - Shot by Nikolaj Ehlers.
0:23 of 2nd period - Deflect By Ryan O'Reilly.
0:23 of 2nd period - Goal by Ryan O'Reilly - WINNIPEG Jets : 2 - EDMONTON Oilers : 1.
0:24 of 2nd period - Rasmus Kupari wins face-off versus Nico Hischier in neutral zone.
0:42 of 2nd period - Rasmus Kupari is hit by Alexander Romanov and loses puck.
0:50 of 2nd period - Minor Penalty to Nico Hischier for Hooking.
0:51 of 2nd period - Ryan O'Reilly wins face-off versus Vincent Trocheck in EDMONTON Oilers zone.
0:57 of 2nd period - Icing by Jeff Petry .
0:58 of 2nd period - Vincent Trocheck wins face-off versus Ryan O'Reilly in WINNIPEG Jets zone.
1:15 of 2nd period - Shot by Jeff Petry .
1:15 of 2nd period - Stopped by Mike Smith without a rebound.
1:16 of 2nd period - Nikolaj Ehlers wins face-off versus Dawson Mercer in EDMONTON Oilers zone.
2:53 of 2nd period - Off-side.
2:54 of 2nd period - Rasmus Kupari wins face-off versus Anthony Cirelli in neutral zone.
3:13 of 2nd period - Shot by Eeli Tolvanen.
3:13 of 2nd period - Stopped by Mike Smith without a rebound.
3:14 of 2nd period - Casey Cizikas wins face-off versus Dawson Mercer in EDMONTON Oilers zone.
3:46 of 2nd period - Shot by Mackenzie Entwistle.
3:46 of 2nd period - Shot Blocked by Dmitrij Jaskin.
4:05 of 2nd period - Icing by Olli Juolevi.
4:06 of 2nd period - Dawson Mercer wins face-off versus Ryan O'Reilly in WINNIPEG Jets zone.
4:42 of 2nd period - Shot by Nikolaj Ehlers.
4:42 of 2nd period - Deflect By Ryan O'Reilly.
4:42 of 2nd period - Shot Blocked by Neal Pionk.
4:44 of 2nd period - Shot by Nikolaj Ehlers.
4:44 of 2nd period - Stopped by Ukko-Pekka Luukkonen without a rebound.
4:45 of 2nd period - Vincent Trocheck wins face-off versus Nico Hischier in WINNIPEG Jets zone.
4:52 of 2nd period - Minor Penalty to Mitch Marner for Interference.
4:53 of 2nd period - Ryan O'Reilly wins face-off versus Dominic Kubalik in EDMONTON Oilers zone.
5:12 of 2nd period - Shot by Dominic Kubalik.
5:12 of 2nd period - Shot Misses the Net.
5:14 of 2nd period - Shot by Damon Severson.
5:14 of 2nd period - Shot Misses the Net.
5:16 of 2nd period - Shot by Jeff Petry .
5:16 of 2nd period - Shot Hit the Post.
5:18 of 2nd period - Shot by Jeff Petry .
5:18 of 2nd period - Deflect By Dominic Kubalik.
5:18 of 2nd period - Stopped by Mike Smith without a rebound.
5:19 of 2nd period - Nico Hischier wins face-off versus Vincent Trocheck in EDMONTON Oilers zone.
5:28 of 2nd period - Oliver Ekman-Larsson is hit by Dominic Kubalik and loses puck.
6:06 of 2nd period - Shot by Dmitrij Jaskin.
6:06 of 2nd period - Shot Misses the Net.
6:08 of 2nd period - Shot by Dmitrij Jaskin.
6:08 of 2nd period - Stopped by Mike Smith with a rebound.
6:10 of 2nd period - Shot by Olli Juolevi.
6:10 of 2nd period - Shot Blocked by Oliver Ekman-Larsson.
6:42 of 2nd period - Shot by Dominic Kubalik.
6:42 of 2nd period - Stopped by Mike Smith with a rebound.
6:48 of 2nd period - Shot by Kasperi Kapanen.
6:48 of 2nd period - Shot Misses the Net.
6:50 of 2nd period - Shot by Damon Severson.
6:50 of 2nd period - Stopped by Mike Smith with a rebound.
6:52 of 2nd period - Shot by Damon Severson.
6:52 of 2nd period - Shot Misses the Net.
7:12 of 2nd period - Shot by Andreas Athanasiou.
7:12 of 2nd period - Shot Misses the Net.
8:00 of 2nd period - Shot by Nico Hischier.
8:00 of 2nd period - Shot Blocked by Jeff Petry .
8:12 of 2nd period - Shot by Nico Hischier.
8:12 of 2nd period - Shot Misses the Net.
8:23 of 2nd period - Mitch Marner is hit by Jeff Petry .
9:34 of 2nd period - Dylan Strome is hit by Colton Parayko and loses puck.
9:39 of 2nd period - Shot by Ryan O'Reilly.
9:39 of 2nd period - Shot Misses the Net.
9:43 of 2nd period - Shot by Nikolaj Ehlers.
9:43 of 2nd period - Stopped by Ukko-Pekka Luukkonen with a rebound.
9:52 of 2nd period - Icing by Anton Lindholm.
9:53 of 2nd period - Dawson Mercer wins face-off versus Arthur Kaliyev in WINNIPEG Jets zone.
9:53 of 2nd period - Dawson Mercer is hit by Arthur Kaliyev.
10:04 of 2nd period - Oliver Ekman-Larsson is hit by Colton Parayko and loses puck.
10:09 of 2nd period - Shot by Arthur Kaliyev.
10:09 of 2nd period - Stopped by Ukko-Pekka Luukkonen with a rebound.
10:22 of 2nd period - Dmitrij Jaskin is hit by Jonas Siegenthaler and loses puck.
10:31 of 2nd period - Anton Lindholm is hit by Anthony Cirelli and loses puck.
11:24 of 2nd period - Shot by Tony DeAngelo.
11:24 of 2nd period - Stopped by Ukko-Pekka Luukkonen with a rebound.
11:36 of 2nd period - Shot by Andreas Athanasiou.
11:36 of 2nd period - Stopped by Mike Smith without a rebound.
11:37 of 2nd period - Vincent Trocheck wins face-off versus Ryan O'Reilly in EDMONTON Oilers zone.
11:43 of 2nd period - Anthony Beauvillier is hit by Alexander Romanov and loses puck.
11:46 of 2nd period - Shot by Kasperi Kapanen.
11:46 of 2nd period - Shot Misses the Net.
11:50 of 2nd period - Shot by Kasperi Kapanen.
11:50 of 2nd period - Shot Misses the Net.
11:52 of 2nd period - Shot by Kasperi Kapanen.
11:52 of 2nd period - Stopped by Mike Smith without a rebound.
11:53 of 2nd period - Nico Hischier wins face-off versus Jake Evans in EDMONTON Oilers zone.
12:00 of 2nd period - Shot by Clayton Keller.
12:00 of 2nd period - Deflect By Nico Hischier.
12:00 of 2nd period - Shot Misses the Net.
14:00 of 2nd period - Shot by Dmitrij Jaskin.
14:00 of 2nd period - Stopped by Mike Smith without a rebound.
14:00 of 2nd period - Minor Penalty to Mike Smith for Slashing.
14:01 of 2nd period - Vincent Trocheck wins face-off versus Ryan O'Reilly in EDMONTON Oilers zone.
14:02 of 2nd period - Shot by Dominic Kubalik.
14:02 of 2nd period - Shot Blocked by Oliver Ekman-Larsson.
14:14 of 2nd period - Shot by Damon Severson.
14:14 of 2nd period - Stopped by Mike Smith with a rebound.
14:28 of 2nd period - Shot by Kasperi Kapanen.
14:28 of 2nd period - Deflect By Vincent Trocheck.
14:28 of 2nd period - Shot Misses the Net.
14:30 of 2nd period - Shot by Vincent Trocheck.
14:30 of 2nd period - Stopped by Mike Smith without a rebound.
14:31 of 2nd period - Nico Hischier wins face-off versus Dawson Mercer in EDMONTON Oilers zone.
14:48 of 2nd period - Shot by Dawson Mercer.
14:48 of 2nd period - Shot Misses the Net.
15:00 of 2nd period - Andreas Athanasiou is hit by Nico Hischier and loses puck.
15:06 of 2nd period - Neal Pionk is hit by Nico Hischier and loses puck.
15:36 of 2nd period - Icing by Damon Severson.
15:37 of 2nd period - Vincent Trocheck wins face-off versus Ryan O'Reilly in WINNIPEG Jets zone.
15:53 of 2nd period - Shot by Jeff Petry .
15:53 of 2nd period - Stopped by Mike Smith with a rebound.
16:11 of 2nd period - Shot by Eeli Tolvanen.
16:11 of 2nd period - Stopped by Mike Smith with a rebound.
16:53 of 2nd period - Icing by Oliver Ekman-Larsson.
16:54 of 2nd period - Dawson Mercer wins face-off versus Anthony Cirelli in EDMONTON Oilers zone.
16:59 of 2nd period - Shot by Dmitrij Jaskin.
16:59 of 2nd period - Stopped by Mike Smith with a rebound.
17:01 of 2nd period - Shot by Olli Juolevi.
17:01 of 2nd period - Shot Misses the Net.
17:03 of 2nd period - Shot by Olli Juolevi.
17:03 of 2nd period - Shot Blocked by Jonas Siegenthaler.
18:51 of 2nd period - Shot by Mitch Marner.
18:51 of 2nd period - Shot Misses the Net.
18:53 of 2nd period - Shot by Nico Hischier.
18:53 of 2nd period - Shot Misses the Net.
18:55 of 2nd period - Shot by Mitch Marner.
18:55 of 2nd period - Shot Blocked by Dominic Kubalik.
18:57 of 2nd period - Shot by Alexander Romanov.
18:57 of 2nd period - Shot Misses the Net.
18:59 of 2nd period - Shot by Mitch Marner.
18:59 of 2nd period - Shot Misses the Net.
19:01 of 2nd period - Shot by Clayton Keller.
19:01 of 2nd period - Shot Hit the Post.
19:30 of 2nd period - Icing by Mitch Marner.
19:31 of 2nd period - Nico Hischier wins face-off versus Dawson Mercer in EDMONTON Oilers zone.
19:31 of 2nd period - Nico Hischier is hit by Dmitrij Jaskin.
19:58 of 2nd period - Shot by Dawson Mercer.
19:58 of 2nd period - Stopped by Mike Smith with a rebound.
Goals for this period are 0 for WINNIPEG Jets vs 1 for EDMONTON Oilers .
Shots for this period are 16 for WINNIPEG Jets vs 5 for EDMONTON Oilers .

3rd period


0:01 of 3rd period - Ryan O'Reilly wins face-off versus Dawson Mercer in neutral zone.
0:01 of 3rd period - Dylan Strome is hit by Noah Cates and loses puck.
0:59 of 3rd period - Shot by Rasmus Kupari.
0:59 of 3rd period - Deflect By Eeli Tolvanen.
0:59 of 3rd period - Shot Misses the Net.
1:15 of 3rd period - Shot by Olli Juolevi.
1:15 of 3rd period - Shot Misses the Net.
1:17 of 3rd period - Shot by Andreas Athanasiou.
1:17 of 3rd period - Shot Misses the Net.
2:59 of 3rd period - Icing by Alexander Romanov.
3:00 of 3rd period - Casey Cizikas wins face-off versus Jake Evans in EDMONTON Oilers zone.
3:00 of 3rd period - Casey Cizikas is hit by Dominic Kubalik.
3:16 of 3rd period - Shot by Mackenzie Entwistle.
3:16 of 3rd period - Shot Misses the Net.
3:59 of 3rd period - Icing by Jack Quinn.
4:00 of 3rd period - Anthony Cirelli wins face-off versus Dawson Mercer in EDMONTON Oilers zone.
4:20 of 3rd period - Off-side.
4:21 of 3rd period - Nico Hischier wins face-off versus Rasmus Kupari in neutral zone.
4:21 of 3rd period - Oliver Ekman-Larsson is hit by Andreas Athanasiou and loses puck.
4:40 of 3rd period - Shot by Nico Hischier.
4:40 of 3rd period - Shot Misses the Net.
4:45 of 3rd period - Clayton Keller is hit by Colton Parayko and loses puck.
4:49 of 3rd period - Clayton Keller is hit by Colton Parayko and loses puck.
5:57 of 3rd period - Shot by Dawson Mercer.
5:57 of 3rd period - Stopped by Mike Smith with a rebound.
6:47 of 3rd period - Icing by Jeff Petry .
6:48 of 3rd period - Noah Cates wins face-off versus Nico Hischier in WINNIPEG Jets zone.
7:01 of 3rd period - Shot by Mitch Marner.
7:01 of 3rd period - Shot Misses the Net.
7:12 of 3rd period - Icing by Dmitrij Jaskin.
7:13 of 3rd period - Casey Cizikas wins face-off versus Dawson Mercer in WINNIPEG Jets zone.
8:35 of 3rd period - Clayton Keller is hit by Anton Lindholm and loses puck.
8:56 of 3rd period - Shot by Andreas Athanasiou.
8:56 of 3rd period - Stopped by Mike Smith without a rebound.
8:57 of 3rd period - Ryan O'Reilly wins face-off versus Jake Evans in EDMONTON Oilers zone.
9:16 of 3rd period - Icing by Dylan Strome.
9:17 of 3rd period - Vincent Trocheck wins face-off versus Ryan O'Reilly in EDMONTON Oilers zone.
9:34 of 3rd period - Shot by Ryan O'Reilly.
9:34 of 3rd period - Stopped by Ukko-Pekka Luukkonen with a rebound.
9:36 of 3rd period - Shot by Dylan Strome.
9:36 of 3rd period - Shot Blocked by Kasperi Kapanen.
9:50 of 3rd period - Shot by Ryan O'Reilly.
9:50 of 3rd period - Shot Misses the Net.
9:52 of 3rd period - Shot by Nikolaj Ehlers.
9:52 of 3rd period - Stopped by Ukko-Pekka Luukkonen without a rebound.
9:53 of 3rd period - Rasmus Kupari wins face-off versus Nico Hischier in WINNIPEG Jets zone.
10:00 of 3rd period - Shot by Damon Severson.
10:00 of 3rd period - Shot Blocked by Tony DeAngelo.
10:08 of 3rd period - Shot by Andreas Athanasiou.
10:08 of 3rd period - Shot Misses the Net.
10:10 of 3rd period - Shot by Andreas Athanasiou.
10:10 of 3rd period - Shot Blocked by Tony DeAngelo.
10:46 of 3rd period - Off-side.
10:47 of 3rd period - Ryan O'Reilly wins face-off versus Dawson Mercer in neutral zone.
10:58 of 3rd period - Oliver Ekman-Larsson is hit by Noah Cates and loses puck.
11:21 of 3rd period - Shot by Noah Cates.
11:21 of 3rd period - Goal by Noah Cates - WINNIPEG Jets : 3 - EDMONTON Oilers : 1.
11:22 of 3rd period - Vincent Trocheck wins face-off versus Anthony Cirelli in neutral zone.
11:25 of 3rd period - Shot by Kasperi Kapanen.
11:25 of 3rd period - Shot Misses the Net.
12:56 of 3rd period - Shot by Dawson Mercer.
12:56 of 3rd period - Deflect By Dmitrij Jaskin.
12:56 of 3rd period - Stopped by Mike Smith with a rebound.
13:22 of 3rd period - Shot by Nikolaj Ehlers.
13:22 of 3rd period - Shot Blocked by Neal Pionk.
13:38 of 3rd period - Shot by Rasmus Kupari.
13:38 of 3rd period - Stopped by Mike Smith without a rebound.
13:39 of 3rd period - Jake Evans wins face-off versus Anthony Cirelli in EDMONTON Oilers zone.
13:42 of 3rd period - Shot by Dominic Kubalik.
13:42 of 3rd period - Stopped by Mike Smith without a rebound.
13:43 of 3rd period - Vincent Trocheck wins face-off versus Anthony Cirelli in EDMONTON Oilers zone.
13:46 of 3rd period - Shot by Anthony Beauvillier.
13:46 of 3rd period - Shot Misses the Net.
13:48 of 3rd period - Shot by Kasperi Kapanen.
13:48 of 3rd period - Shot Misses the Net.
14:10 of 3rd period - Shot by Arthur Kaliyev.
14:10 of 3rd period - Stopped by Ukko-Pekka Luukkonen with a rebound.
15:49 of 3rd period - Clayton Keller is hit by Neal Pionk and loses puck.
17:27 of 3rd period - Roman Josi is hit by Vincent Trocheck and loses puck.
17:51 of 3rd period - Icing by Jonas Siegenthaler.
17:52 of 3rd period - Dawson Mercer wins face-off versus Mackenzie Entwistle in EDMONTON Oilers zone.
17:57 of 3rd period - Shot by Dawson Mercer.
17:57 of 3rd period - Stopped by Mike Smith without a rebound.
17:58 of 3rd period - Nico Hischier wins face-off versus Dawson Mercer in EDMONTON Oilers zone.
18:05 of 3rd period - Shot by Nico Hischier.
18:05 of 3rd period - Shot Misses the Net.
18:21 of 3rd period - Shot by Dawson Mercer.
18:21 of 3rd period - Stopped by Mike Smith without a rebound.
18:22 of 3rd period - Casey Cizikas wins face-off versus Rasmus Kupari in EDMONTON Oilers zone.
18:42 of 3rd period - Shot by Rasmus Kupari.
18:42 of 3rd period - Goal by Rasmus Kupari - WINNIPEG Jets : 4 - EDMONTON Oilers : 1.
18:43 of 3rd period - Ryan O'Reilly wins face-off versus Dawson Mercer in neutral zone.
19:08 of 3rd period - Noah Cates is hit by Oliver Ekman-Larsson.
19:11 of 3rd period - Minor Penalty to Nikolaj Ehlers for Tripping.
19:12 of 3rd period - Vincent Trocheck wins face-off versus Ryan O'Reilly in EDMONTON Oilers zone.
19:25 of 3rd period - Shot by Ryan O'Reilly.
19:25 of 3rd period - Shot Blocked by Olli Juolevi.
Goals for this period are 2 for WINNIPEG Jets vs 0 for EDMONTON Oilers .
Shots for this period are 9 for WINNIPEG Jets vs 3 for EDMONTON Oilers .